 Dungeon Crawl Stone Soup version 0.29.0-5-ge4962eb29e (webtiles) character file.

Game seed: 11055346076845012308

7 Armakuni the Sneak (level 2, -3/26 HPs)
             Began as a Meteoran Delver on Aug 28, 2022.
             Slain by an orc
             ... wielding a +0 mace
              (6 damage)
             ... on level 3 of the Dungeon.
             The game lasted 00:02:08 (253 turns).

Armakuni the Sneak (Meteoran Delver)                 Turns: 253, Time: 00:02:09

Health: -3/26      AC:  3    Str: 13    XL:     2   Next: 23%
Magic:  3/3        EV: 12    Int: 11    God:
Gold:   15         SH:  0    Dex: 15    Spells: 1/1 levels left

rFire   . . .      SeeInvis .   a - +0 mace
rCold   . . .      Faith    .   (no shield)
rNeg    . . .      Spirit   .   b - +0 leather armour
rPois   .          Reflect  .   (no helmet)
rElec   .          Harm     .   (no cloak)
rCorr   .          Rampage  .   (no gloves)
Will    .....                   (no boots)
Stlth   +.........              (no amulet)
HPRegen 0.08/turn               (no ring)
MPRegen 0.08/turn               (no ring)

@: glowing
A: sense surroundings 1, otherworldly, glowing, explore regen
a: no special abilities


You were on level 3 of the Dungeon.
You visited 1 branch of the dungeon, and saw 4 of its levels.
You also visited: Ossuary.

You collected 15 gold pieces.

Inventory:

Hand Weapons
 a - a +0 mace (weapon)
Armour
 b - a +0 leather armour (worn)
Wands
 g - a wand of digging (3)
Scrolls
 c - a scroll of fog


   Skills:
 + Level 3.5 Fighting
 - Level 2.6(2.9) Maces & Flails
 + Level 1.4(2.1) Staves
 - Level 2.4 Dodging
 - Level 3.7 Stealth


You had one spell level left.
You didn't know any spells.
Your spell library was empty.

Dungeon Overview and Level Annotations

Branches:
Dungeon (6/15) Zot: 2207  Ossuary (visited)
 Temple: D:4-7

Altars:
Uskayaw


Innate Abilities, Weirdness & Mutations

You passively map a small area around you.
You are easily found by Zot.
You glow in the dark.
You regain HP and MP as you explore.


Message History

The goblin closely misses you.
You see here 5 gold pieces.
You now have 15 gold pieces (gained 5).
The goblin hits you with a +0 dagger.
You open the door. The goblin hits you with a +0 dagger.
Found a hide-covered altar of Uskayaw.
You close the door.
The goblin hits you with a +0 dagger. The goblin attacks as you move away!
The goblin closely misses you. The goblin attacks as you move away!
The goblin hits you but does no damage. 2 orcs come into view.
The orc shouts! x2; You hear a shout! x2
You sock the orc!
You kill the orc!
The goblin misses you.
An orc priest comes into view. It is wielding a +0 dagger.
The goblin closely misses you.
Unknown command.
Okay, then.
You aren't carrying any potions.
You barely miss the goblin. The goblin hits you with a +0 dagger.
You closely miss the goblin. The goblin hits you but does no damage.
You sock the goblin!
You kill the goblin!
The orc hits you with a +0 mace.
You sock the necrophage!
The necrophage is moderately damaged.
An orc comes into view. It is wielding a +0 dagger.
The orc hits you with a +0 mace. The necrophage hits you.
The orc barely misses you.
The orc priest calls down the wrath of Beogh upon you.
You barely resist. You closely miss the necrophage.
The necrophage is moderately damaged.
The necrophage barely misses you. The orc hits you with a +0 mace!
* * * LOW HITPOINT WARNING * * *
The necrophage completely misses you.
You hit the necrophage.
The necrophage is heavily damaged.
The orc priest looks satisfied for a moment.
The orc hits you with a +0 mace.
You die...

, ,#......w.. ######*
.......... ......##
,......... #...###
$........
#.w.####........ ,,
#.#..n.......... * ,
..#._.+.#####.........
, .##...#n# #.>.......
* ##..###@#
#........., ###


#ooo# #......... , , .....## ##........ ,* ###### ##......# ####### You could
see a necrophage, a worm, an orc priest and 2 orcs.

Vanquished Creatures
  An orc (D:3)
  2 goblins
  2 ball pythons (D:4)
  2 orc zombies (Ossuary)
7 creatures vanquished.

Notes
Turn   | Place    | Note
-------+----------+-------------------------------------------
     0 | D:5      | Armakuni the Meteoran Delver began the quest for the Orb.
     0 | D:5      | Reached XP level 1. HP: 19/19 MP: 2/2
     6 | D:5      | Found a sand-covered staircase.
    20 | Ossuary  | Entered an ossuary
    79 | D:6      | Noticed a wight
    79 | D:6      | Noticed a wight
    79 | D:6      | Noticed a wight
    79 | D:6      | Noticed a wight
    79 | D:6      | Noticed a wight
    87 | D:5      | Noticed an orc wizard
   159 | D:4      | Reached skill level 1 in Staves
   193 | D:4      | Noticed a necrophage
   194 | D:4      | Reached XP level 2. HP: 26/26 MP: 3/3
   242 | D:3      | Found a hide-covered altar of Uskayaw.
   253 | D:3      | Slain by an orc

Illustrated notes

Levels and vault maps discovered:
D:3:      minmay_wonky_spiral, layout_rooms, nicolae_uskayaw_en_pointe,
          mainiacjoe_overflow_small_starburst
D:4:      layout_basic, mainiacjoe_overflow_24_doors, lemuel_doored_altar,
          amcnicky_altar_gilded, uniq_eustachio
D:5:      layout_basic, nicolae_ossuary_entry_ruins, gammafunk_ghost_grave,
          hangedman_glass_teeth
D:6:      layout_basic, marbit_many_paths, temple_green,
          minmay_misc_feat_hallway

Skill      XL: |  1 |
---------------+----+-----
Staves         | 1 |  1.4
Fighting       | |  3.5
Maces & Flails | |  2.6
Dodging        | |  2.4
Stealth        | |  3.7

Action                   || total
-------------------------++-------
Melee: Mace              ||    24
  Use: Scroll            ||     3
       Potion            ||     2
Armor: Leather armour    ||    20
Dodge: Dodged            ||    23
